 Dungeon Crawl Stone Soup version 0.30-a0-972-gf3ab3527aa (webtiles) character file.

Game seed: 8425391221060607058

1422 Demosthentine the Trooper (level 8, -1/64 HPs)
             Began as a Demonspawn Gladiator on Mar 31, 2023.
             Slain by Maggie
             ... wielding a +0 glaive of flaming
              (2 damage)
             ... on level 6 of the Dungeon.
             The game lasted 00:04:46 (3892 turns).

Demosthentine the Trooper (Demonspawn Gladiator)    Turns: 3892, Time: 00:04:47

Health: -1/64      AC:  6    Str: 17    XL:     8   Next: 44%
Magic:  8/8        EV: 14    Int:  9    God:
Gold:   1328       SH:  0    Dex: 15    Spells: 7/7 levels left

rFire   . . .      SeeInvis .    l - +0 demon trident (venom)
rCold   . . .      Faith    .    (no shield)
rNeg    . . .      Spirit   .    b - +0 leather armour
rPois   .          Reflect  .    c - +1 helmet
rElec   .          Rampage  .    (no cloak)
rCorr   .                        (no gloves)
Will    +....                    (no boots)
Stlth   +                        (no amulet)
HPRegen 0.30/turn                g - +4 ring of slaying
MPRegen 0.11/turn                m - ring of willpower

@: mesmerised
A: rugged brown scales 1, icemail 1, spiny 1, condensation shield, weakness
stinger 1
a: no special abilities


You were on level 6 of the Dungeon.
You visited 1 branch of the dungeon, and saw 6 of its levels.

You collected 1328 gold pieces.

Inventory:

Hand Weapons
 l - a +0 demon trident of venom (weapon)
Missiles
 d - 4 throwing nets (quivered)
 e - a javelin
Armour
 b - a +0 leather armour (worn)
 c - a +1 helmet (worn)
Jewellery
 g - a +4 ring of slaying (left hand)
 m - a ring of willpower (right hand)
Wands
 a - a wand of paralysis (5)
 f - a wand of iceblast (7)
Scrolls
 i - 2 scrolls of fear
 j - 3 scrolls of teleportation
Potions
 h - a potion of magic
 k - 2 potions of mutation {unknown}
 n - a potion of might {unknown}


   Skills:
 + Level 5.5 Fighting
 + Level 5.4 Polearms
 - Level 1.7 Throwing
 + Level 4.6 Armour
 + Level 5.4 Dodging


You had 7 spell levels left.
You didn't know any spells.
Your spell library contained the following spells:

 Spells                   Type           Power      Damage    Failure   Level
 Magic Dart               Conj           0%         1d3       43%         1
 Call Imp                 Summ           0%         N/A       58%         2
 Gell's Gravitas          Tloc           0%         N/A       82%         3
 Mephitic Cloud           Conj/Pois/Air  0%         N/A       82%         3
 Teleport Other           Tloc           0%         N/A       82%         3
 Dispersal                Tloc           0%         N/A       100%        6


Dungeon Overview and Level Annotations

Branches:
Dungeon (6/15)
 Temple: D:4-7

Altars:
Gozag
Kikubaaqudgha
Nemelex Xobeh
Trog
Uskayaw

Annotations:
D:6 3 runed translucent doors, Maggie; billz999's ghost, novice GnWn


Innate Abilities, Weirdness & Mutations

You are partially covered in rugged brown scales. (AC +1, +3% HP)
A meltable icy envelope protects you from harm. (AC +0)
You are partially covered in sharp spines.
A meltable shield of frost defends you. (SH +0)
You have a small tail.


Message History

Maggie hits you but does no damage.
Unknown command.
You reach to attack!
You closely miss Maggie.
Maggie is lightly wounded.
Maggie barely misses you.
You reach to attack!
You puncture Maggie!
Maggie is moderately wounded.
An iguana comes into view.
Maggie closely misses you.
You reach to attack!
The iguana hisses angrily.
You puncture Maggie!
Maggie is heavily wounded.
The orc priest misses you.
Maggie zaps a wand.
The bolt of light hits you!
You puncture the orc wizard!
Your tail-slap misses the orc wizard.
The orc wizard is heavily wounded.
The orc wizard is struck by your spines.
The orc wizard barely misses you.
The orc priest hits you from afar with a +2 trident of protection.
Maggie barely misses you.
You puncture the orc wizard!
You kill the orc wizard!
The orc priest closely misses you.
Maggie hits you from afar with a +0 glaive of flaming!
Your icy defences dissipate!
Maggie burns you.
Unknown command.
The orc priest hits you with a +2 trident of protection.
Maggie is struck by your spines.
Maggie hits you with a +0 glaive of flaming!
Maggie burns you.
You hit the orc priest.
The orc priest is poisoned.
The orc priest is lightly wounded.
The orc priest mumbles some strange prayers to Beogh against you.
Beogh smites you!
* * * LOW HITPOINT WARNING * * *
Maggie hits you with a +0 glaive of flaming!
* * * LOW HITPOINT WARNING * * *
Maggie burns you.
You die...

#.......#.#.###......##..
#.......#...# #####......
#..........## ###....
......##.## #...# ....
#..# #..... ###.##.##
....### #....# ....#. #
##..## ...## . #.)@# ..#
. #.#o@# #.##l.. .. #....
... .#### ... ## #...


You could see Maggie (mesmerising, very poisoned), an iguana and an orc priest
(very poisoned).

Vanquished Creatures
  A water moccasin (D:6)
  An ice beast (D:5)
  A black bear (D:6)
  3 phantoms
  Blork the orc (D:5)
  A bullfrog (D:5)
  A gnoll sergeant (D:5)
  3 scorpions (D:5)
  2 jellies
  2 hounds
  An orc priest (D:3)
  An iguana (D:5)
  2 sleepcaps
  A gnoll bouda (D:5)
  2 orc wizards
  8 gnolls (D:5)
  7 adders
  A worm (D:5)
  A dart slug (D:3)
  13 orcs
  5 ball pythons
  5 endoplasms
  4 giant cockroaches
  6 goblins
  7 hobgoblins
  3 jackals (D:3)
  8 kobolds
  5 quokkas
  4 bats
  2 frilled lizards
  6 rats
108 creatures vanquished.

Notes
Turn   | Place    | Note
-------+----------+-------------------------------------------
     0 | D:1      | Demosthentine the Demonspawn Gladiator began the quest for
                  | the Orb.
     0 | D:1      | Reached XP level 1. HP: 16/16 MP: 1/1
   182 | D:1      | Gained mutation: A meltable shield of frost defends you.
                  | (SH +0) [demonic ancestry]
   182 | D:1      | Reached XP level 2. HP: 22/22 MP: 2/2
   685 | D:2      | Reached skill level 1 in Armour
   685 | D:2      | Gained mutation: A meltable icy envelope protects you from
                  | harm. (AC +0) [demonic ancestry]
   685 | D:2      | Reached XP level 3. HP: 22/28 MP: 3/3
   764 | D:2      | Identified the +3 mace "Omelette" {freeze, rF- Str+2 Dex+5}
  1130 | D:3      | Gained mutation: You are partially covered in sharp spines.
                  | [demonic ancestry]
  1130 | D:3      | Reached XP level 4. HP: 26/34 MP: 4/4
  1219 | D:3      | Found a hide-covered altar of Uskayaw.
  1251 | D:3      | Noticed a phantom
  1263 | D:3      | Killed a phantom
  1264 | D:3      | Gained mutation: You are partially covered in rugged brown
                  | scales. (AC +1, +3% HP) [demonic ancestry]
  1264 | D:3      | Reached XP level 5. HP: 33/42 MP: 5/5
  1663 | D:3      | Found an ancient bone altar of Kikubaaqudgha.
  1672 | D:3      | Found a bloodstained altar of Trog.
  1672 | D:3      | Found an opulent altar of Gozag.
  1786 | D:3      | Identified a scroll of acquirement
  1786 | D:3      | Acquired 986 gold pieces
  2064 | D:4      | Gained mutation: You have a small tail. [demonic ancestry]
  2064 | D:4      | Reached XP level 6. HP: 48/48 MP: 6/6
  2189 | D:4      | Identified the +0 chain mail of Emeywupp {rPois rCorr
                  | Stlth+}
  2403 | D:5      | Entered Level 5 of the Dungeon
  2501 | D:5      | Found a sparkling altar of Nemelex Xobeh.
  2581 | D:5      | Noticed an ice beast
  2596 | D:5      | Killed an ice beast
  2790 | D:5      | Reached XP level 7. HP: 55/55 MP: 7/7
  3194 | D:5      | Noticed Blork the orc
  3211 | D:5      | Killed Blork the orc
  3308 | D:5      | Reached skill level 5 in Fighting
  3308 | D:5      | Reached skill level 5 in Polearms
  3308 | D:5      | Reached XP level 8. HP: 60/63 MP: 8/8
  3503 | D:5      | Reached skill level 5 in Dodging
  3718 | D:5      | Acquired a +0 demon trident of venom
  3743 | D:6      | Found a runed translucent gate.
  3745 | D:6      | Found a runed translucent gate.
  3746 | D:6      | Found a runed translucent gate.
  3747 | D:6      | Noticed billz999's ghost (novice GnWn)
  3881 | D:6      | Noticed Maggie
  3892 | D:6      | HP: 1/64 [Maggie/+0 glaive of flaming (12)]
  3892 | D:6      | Slain by Maggie

Illustrated notes

Levels and vault maps discovered:
D:1:      onia_arrival_pyramid, layout_loops_cross
D:2:      layout_rooms
D:3:      cheibrodos_pilgrimage, layout_basic, minitemple, marbit_many_paths
D:4:      layout_loops_cross
D:5:      nicolae_cairo_tiling, layout_loops_cross, nemelex_spade_bored_becter,
          uniq_blork_the_orc
D:6:      layout_rooms, mainiacjoe_overflow_big_doors,
          gammafunk_ghost_nasty_kobolds, uniq_maggie

Skill      XL: |  1  2  3  4  5  6  7  8 |
---------------+-------------------------+-----
Dodging        | 3 4 5 |  5.4
Polearms       | 3 4 5 |  5.4
Armour         | 1 2 3 4 |  4.6
Fighting       | 3 4 5 |  5.5
Throwing       | |  1.7

Action                     |  1- 3 |  4- 6 |  7- 9 || total
---------------------------+-------+-------+-------++-------
  Melee: Trident           |   133 |   117 |   121 ||   371
         Punch             |     1 |       |     5 ||     6
         Tailslap          |       |     9 |    14 ||    23
         Demon trident     |       |       |    24 ||    24
  Throw: Throwing net      |       |     1 |       ||     1
    Use: Scroll            |     8 |     3 |     4 ||    15
         Potion            |       |       |     1 ||     1
   Stab: Sleeping          |     4 |       |       ||     4
         Held in net/web   |       |     1 |       ||     1
 Armour: Leather armour    |    29 |    41 |    28 ||    98
  Dodge: Dodged            |    71 |    61 |    71 ||   203
  Block: Other             |    13 |    21 |    20 ||    54

Table legend: (Time is in decaauts)
 A = Elapsed time spent in this place.
 B = Non-inter-level travel time spent in this place.
 C = Inter-level travel time spent in this place.
 D = Time resting spent in this place.
 E = Time spent auto-exploring this place.
 F = Levels seen in this place.
 G = Mean time per level.
                   A        B        C        D        E       F      G
               +--------+--------+--------+--------+--------+-----+--------+
         Total |   3932 |   3898 |     34 |     32 |   3120 |   6 |  655.3 |
       Dungeon |   3932 |   3898 |     34 |     32 |   3120 |   6 |  655.3 |
               +--------+--------+--------+--------+--------+-----+--------+

Top non-repeatable levels by time:
     D:5: 1335 daAuts
     D:3: 740 daAuts
     D:1: 687 daAuts
     D:4: 612 daAuts
     D:2: 393 daAuts
     D:6: 163 daAuts
